AoeStats
← MZTK | GaboxNet .i.

Nomad

509975050Analyzed
2v2 RM · 3d ago on Sep 28, 2026· 59m 51s· 4 players
Game mode
Random Map
Map size
176×176
Population
200
Speed
Normal
Resources
Standard
Victory
Conquest
Starting age
Dark Age
Ending age
Imperial Age
RankedLock teamsTeams togetherTeam positionsShared explorationLock speedFull tech treeHidden civsTurbo modeCheats
Victory
Defeat
🇺🇸 Spanish · United States
1088
+19
🇺🇸 Maya · United States
1083
+19
🇨🇦 Varangians · Canada
1166
-20
🇲🇽 Italians · Mexico
1131
-18
MZTK | GaboxNet .i.
5:16 Loom
12:08 Feudal Age
13:30 Double-Bit Axe
16:06 Fishing Lines
18:37 Castle Age
20:55 Bow Saw
21:15 Medium Warships
20:56 Gillnets
23:14 Fletching
25:06 Gold Mining
25:20 Bodkin Arrow
26:26 Padded Archer Armor
27:38 Wheelbarrow
35:13 Imperial Age
33:32 Hand Cart
33:59 Leather Archer Armor
34:28 Careening
34:39 Ballistics
35:26 Elite Genoese Crossbowman
36:19 Elite Genoese Crossbowman
37:01 Bracer
38:23 Ring Archer Armor
42:39 Chemistry
43:34 Conscription
46:27 Chemistry
47:18 Pirotechnia
48:12 Squires
47:57 Arson
50:13 Scale Mail Armor
51:18 Forging
51:28 Chain Mail Armor
53:38 Coinage
55:01 Iron Casting
55:47 Plate Mail Armor
57:42 Scale Barding Armor
57:58 Light Cavalry
58:39 Husbandry
59:08 Chain Barding Armor
59:48 Blast Furnace
Whitebear
zyconis1
14:47 Feudal Age
13:04 Loom
15:51 Double-Bit Axe
16:00 Fishing Lines
21:16 Castle Age
20:29 Fletching
20:41 Padded Archer Armor
20:59 Horse Collar
22:23 Bodkin Arrow
22:59 Bow Saw
25:41 Stone Mining
27:30 Thumb Ring
26:46 Elite Skirmisher
32:15 Man-at-Arms
32:55 Squires
32:42 Arson
32:28 Crossbowman
33:17 Long Swordsman
34:23 Gillnets
34:57 Scale Mail Armor
35:16 Forging
36:11 Ballistics
35:14 Eagle Warrior
38:52 Heavy Plow
41:58 Imperial Age
40:23 Wheelbarrow
40:32 Chain Mail Armor
41:39 Town Watch
42:51 Iron Casting
43:31 Treadmill Crane
44:20 Two-Handed Swordsman
44:21 Elite Eagle Warrior
47:21 Plate Mail Armor
46:43 Capped Ram
48:36 Conscription
48:17 Gold Mining
49:20 Crop Rotation
49:42 Hand Cart
50:40 Holcans
51:48 Blast Furnace
52:36 Two-Man Saw
51:44 Elite Plumed Archer
53:30 Chemistry
52:42 Bracer
52:58 Leather Archer Armor
54:01 Arbalester
55:14 Ring Archer Armor
58:38 Coinage
The Gabe Lopez
5:14 Loom
15:41 Feudal Age
16:29 Double-Bit Axe
20:15 Castle Age
19:00 Bloodlines
18:58 Scale Barding Armor
19:04 Forging
27:42 Husbandry
30:23 Wheelbarrow
33:06 Chain Barding Armor
33:48 Iron Casting
34:28 Town Watch
35:07 Fletching
35:17 Padded Archer Armor
35:56 Fletching
46:05 Imperial Age
43:15 Elite Skirmisher
44:00 Thumb Ring
44:34 Ballistics
45:07 Bow Saw
44:42 Horse Collar
46:07 Cavalier
47:27 Plate Barding Armor
47:52 Blast Furnace
48:04 Hand Cart
51:28 Bodkin Arrow
51:48 Leather Archer Armor
52:34 Blast Furnace
51:34 Scale Mail Armor
52:38 Light Cavalry
54:22 Conscription
54:26 Heavy Plow
54:33 Bracer
55:03 Ring Archer Armor
58:29 Chain Mail Armor
Connection lost

Rejoining the realm…

Still unreachable

The connection could not be restored.

Session expired

The server has moved on; the page needs a fresh start.